 Dungeon Crawl Stone Soup version 0.18.1-50-g88ac8fd (webtiles) character file.

135 magog001 the Skirmisher (level 4, -3/41 HPs)
             Began as a Minotaur Fighter on Apr 15, 2017.
             Slain by Crazy Yiuf
             ... wielding a +3 quarterstaff of chaos
              (15 damage)
             ... on level 2 of the Dungeon.
             The game lasted 00:06:48 (1025 turns).

magog001 the Skirmisher (Minotaur Fighter)          Turns: 1025, Time: 00:06:49

Health: -3/41      AC:  7    Str: 21    XL:     4   Next: 96%
Magic:  3/3        EV:  7    Int:  5    God:
Gold:   62         SH:  9    Dex: 10    Spells: 0 memorised, 3 levels left

rFire  . . .     SeeInvis .     a - +0 war axe
rCold  . . .     Gourm    .     b - +0 scale mail
rNeg   . . .     Faith    .     c - +0 shield
rPois  .         Spirit   .     (helmet restricted)
rElec  .         Dismiss  .     (no cloak)
rCorr  .         Reflect  .     (no gloves)
SustAt .         Harm     .     (no boots)
MR     .....                    (no amulet)
Stlth  ..........               (no ring)
                                (no ring)

@: drained, not resistant to hostile enchantments, extremely unstealthy
A: retaliatory headbutt, horns 2
a: no special abilities


You were on level 2 of the Dungeon.
You were not hungry.

You visited 1 branch of the dungeon, and saw 2 of its levels.

You collected 62 gold pieces.

Inventory:

Hand Weapons
 a - a +0 war axe (weapon)
 p - a +3 hunting sling
Missiles
 n - 12 bolts
 q - 23 stones (quivered)
Armour
 b - a +0 scale mail (worn)
 c - a +0 shield (worn)
Jewellery
 o - a cursed amulet of inaccuracy {unknown}
Wands
 r - a wand of teleportation (1/9)
Scrolls
 g - a scroll of identify {unknown}
 k - 2 scrolls of magic mapping {unknown}
 m - a scroll of random uselessness {unknown}
 t - a scroll of recharging {unknown}
 u - a scroll of enchant armour {unknown}
Potions
 d - a potion of might
 e - a potion of magic {unknown}
 i - a potion of lignification {unknown}
 j - a potion of curing {unknown}
 s - a potion of mutation {unknown}
 v - a potion of brilliance {unknown}
Comestibles
 f - 3 bread rations
 h - a chunk of flesh
 l - a meat ration


   Skills:
 + Level 4.5(4.2) Fighting
 + Level 2.9(2.6) Axes
 * Level 2.3(2.0) Slings
 + Level 4.4(4.1) Armour
 + Level 0.7(0.4) Dodging
 + Level 4.3(4.0) Shields


You had 3 spell levels left.
You didn't know any spells.

Dungeon Overview and Level Annotations

Branches:
Dungeon (2/15)

Altars:

Annotations:
D:2 Crazy Yiuf


Innate Abilities, Weirdness & Mutations

You reflexively headbutt those who attack you in melee.
You have a pair of horns on your head.


Message History

Found a mace.
Crazy Yiuf the Enlightened comes into view.
He is wielding a quarterstaff of chaos.
Crazy Yiuf shouts!
Crazy Yiuf screams, "Gnoll fast Xom!"
Crazy Yiuf moves out of view.
You hit Crazy Yiuf but do no damage. You headbutt Crazy Yiuf.
Crazy Yiuf is moderately wounded.
Crazy Yiuf barely misses you.
Crazy Yiuf hits you with a quarterstaff of chaos!
Crazy Yiuf burns you.
You slash Crazy Yiuf!
Crazy Yiuf is severely wounded.
Crazy Yiuf hits you with a quarterstaff of chaos!
You feel drained.
You closely miss Crazy Yiuf.
Crazy Yiuf is severely wounded.
Crazy Yiuf hits you with a quarterstaff of chaos.
* * * LOW HITPOINT WARNING * * *
You are electrocuted!
You die...

##### #####
#...# #)..#
###.# #...#
#.# ... #.#
#g# #.# #@##
#)# ##.# #.#
#.## #.#
##.# #.#
##.## #.#
##PP.#
###.########
#PP#.#
#..#........
#...)#
###.########
#....#
#....# #


You could see Crazy Yiuf.

Vanquished Creatures
  Natasha (thrice) (D:2)
  Ijyb (D:2)
  An adder (D:2)
  A worm (D:2)
  A dart slug (D:1)
  A giant cockroach (D:2)
  4 goblins
  3 hobgoblins (D:1)
  3 kobolds
  A quokka (D:1)
  4 bats
  3 rats
  A fungus (D:2)
27 creatures vanquished.

Notes
Turn   | Place    | Note
--------------------------------------------------------------
     0 | D:1      | magog001 the Minotaur Fighter began the quest for the Orb.
     0 | D:1      | Reached XP level 1. HP: 19/19 MP: 0/0
   189 | D:1      | Reached XP level 2. HP: 26/27 MP: 1/1
   536 | D:2      | Noticed Natasha
   540 | D:2      | Noticed a crimson imp
   550 | D:2      | Killed Natasha
   550 | D:2      | Reached XP level 3. HP: 12/33 MP: 2/2
   570 | D:2      | Noticed Natasha
   575 | D:2      | Killed Natasha
   575 | D:2      | Reached skill level 1 in Slings
   575 | D:2      | Reached XP level 4. HP: 18/41 MP: 3/3
   700 | D:2      | Noticed Natasha
   702 | D:2      | Killed Natasha
   843 | D:2      | Noticed Ijyb
   852 | D:2      | Killed Ijyb
  1020 | D:2      | Noticed Crazy Yiuf
  1025 | D:2      | Slain by Crazy Yiuf

Skill      XL: |  1  2  3  4 |
---------------+-------------+-----
Armour         | 4 |  4.4
Fighting       | 4 |  4.5
Shields        | 4 |  4.3
Slings         | 1 2 |  2.3
Axes           | |  2.9
Dodging        | |  0.7

Action                   |  1- 3 |  4- 6 || total
-------------------------+-------+-------++-------
Melee: War axe           |    45 |    11 ||    56
       Headbutt          |     8 |     4 ||    12
 Fire: Hunting sling     |     2 |    13 ||    15
Armor: Scale mail        |    17 |     6 ||    23
Dodge: Dodged            |    20 |     4 ||    24
Block: Shield            |    26 |     3 ||    29
